 Dungeon Crawl Stone Soup version 0.24-a0-219-g9656df7 (webtiles) character file.

Game seed: 3157017487403731993

350 Gunnerkreig the Conjurer (level 6, 0/39 HPs)
             Began as an Octopode Wizard on Mar 30, 2019.
             Slain by a quokka (1 damage)
             ... on level 4 of the Dungeon.
             The game lasted 00:12:33 (4601 turns).

Gunnerkreig the Conjurer (Octopode Wizard)          Turns: 4601, Time: 00:12:33

Health: 0/39       AC:  1    Str:  7    XL:     6   Next: 60%
Magic:  1/10       EV: 13    Int: 22    God:
Gold:   166        SH:  0    Dex: 10    Spells: 4/11 levels left

rFire    . . .     SeeInvis .   o - +2 dagger (freeze)
rCold    . . .     Gourm    .   (no shield)
rNeg     . . .     Faith    .   a - +0 hat
rPois    .         Spirit   .   (no amulet)
rElec    .         Reflect  .   (no ring)
rCorr    .         Harm     .   (no ring)
MR       .....                  (no ring)
Stlth    +++.......             (no ring)
HPRegen  0.13/turn              (no ring)
MPRegen  0.12/turn              (no ring)
                                (no ring)
                                (no ring)

@: lethally poisoned (0 -> -2)
A: almost no armour, stealthy swim, amphibious, 8 rings, constrict 8, camouflage
1, gelatinous body 1
a: no special abilities


You were on level 4 of the Dungeon.
You were hungry.

You visited 2 branches of the dungeon, and saw 5 of its levels.

You collected 166 gold pieces.

Inventory:

Hand Weapons
 d - a +0 long sword
 o - a +2 dagger of freezing (weapon)
 s - a +1 spear of piercing
 t - a +0 hunting sling
Missiles
 e - 111 stones (quivered)
 k - 17 sling bullets
Armour
 a - a +0 hat (worn)
Scrolls
 b - a scroll of remove curse
 g - 3 scrolls of identify
 i - 2 scrolls of teleportation
 l - a scroll of fog
 m - a scroll of magic mapping
 n - 2 scrolls of fear
 q - 2 scrolls of amnesia
Potions
 h - 2 potions of resistance
Comestibles
 c - 3 rations


   Skills:
 - Level 2.2 Fighting
 * Level 1.8 Short Blades
 - Level 2.0 Dodging
 - Level 4.0 Stealth
 - Level 0.5 Unarmed Combat
 - Level 3.0 Spellcasting
 - Level 5.0 Conjurations
   Level 1.0 Summonings
   Level 1.0 Translocations
 + Level 0.0 Fire Magic
 + Level 0.1 Air Magic
 + Level 0.3 Poison Magic


You had 4 spell levels left.
You knew the following spells:

 Your Spells              Type           Power        Failure   Level  Hunger
a - Magic Dart            Conj           ####         1%          1    None
b - Conjure Flame         Conj/Fire      ##......     13%         3    ###....
c - Mephitic Cloud        Conj/Pois/Air  ##......     17%         3    ###....

Your spell library contained the following spells:

 Spells                   Type           Power        Failure   Level  Hunger
 Blink                    Tloc           N/A          12%         2    ##.....
 Call Imp                 Summ           #.......     12%         2    ##.....
 Slow                     Hex            #.......     19%         2    ##.....


Dungeon Overview and Level Annotations

Branches:
Dungeon (4/15)             Temple (1/1) D:4

Altars:
Dithmenos
Elyvilon
Fedhas
Gozag
Hepliaklqana
Kikubaaqudgha
Makhleb
Nemelex Xobeh
Okawaru
Sif Muna
Trog
Uskayaw
Wu Jian
Yredelemnul
The Shining One


Innate Abilities, Weirdness & Mutations

You cannot wear most types of armour.
You are very stealthy in the water. (Stealth+)
You are amphibious.
You can wear up to eight rings at the same time.
You can use your tentacles to constrict eight enemies at once.
Your skin changes colour to match your surroundings (Stealth+).
Your rubbery body absorbs attacks. (AC +1, EV +1)


Message History

The adder is almost dead.
You constrict the adder.
You feel sick. The quokka barely misses you. The adder closely misses you.
You hit the adder. You freeze the adder.
You kill the adder!
Training target 4.0 for Stealth reached!
Your Stealth skill increases to level 4!
The quokka bites you.
* * * LOW HITPOINT WARNING * * *
The quokka bites you.
* * * LOW HITPOINT WARNING * * *
You barely miss the quokka. You grab the quokka.
You constrict the quokka, but do no damage.
The quokka bites you.
* * * LOW HITPOINT WARNING * * *
You completely miss the quokka. Your squeeze misses the quokka.
You constrict the quokka, but do no damage.
* * * LOW HITPOINT WARNING * * *
You feel sick. The quokka bites you.
You die...

*,,,,,,+,,* **,*,*,***,,,,
*,,,,,,*,*************,*,** *,,,,
*,,,,,,,,,,,,,,,,,,,,**,** *,,,,
*****###,*******####,********,*,,
,,,,,,...,,,,,,,,..#,****,,,,,,,,
*******#.#*****###.#,*,,,,,,**,*,
#.<######..<#,*,,,,,,**,,,
*****#.g.)..##r#.#,*,,,,,,***,,
*.......###g##@#.#,*,,,,,,* *,,
*.......* #.##†#.#,*,,,,,,* **,
*......#* #.##.#.#,*,,,,,,* *,
*####.#* #.##§#.#,*,,,,,,* ** #.*
##.8l#.#,*,,,,,,* * ** #,*
#...g..#,*,,,,,,* * ,***
*,****#8.>.8.#,*,,,,,,*
,,,****,#..........#,****+***
,*,*,,,,#.####.8.###,** *,*******


You could see a gnoll, a quokka and a frilled lizard.

Vanquished Creatures
  An ogre (D:4)
  An orc priest (D:3)
  A hound (D:4)
  2 orc wizards (D:3)
  A gnoll (D:4)
  5 adders
  3 worms
  4 dart slugs
  3 leopard geckos
  8 orcs
  3 giant cockroaches
  6 goblins
  5 hobgoblins
  3 jackals (D:3)
  A quokka (D:3)
  2 ball pythons
  11 bats
  6 frilled lizards
  13 kobolds
  9 rats
88 creatures vanquished.

Notes
Turn   | Place    | Note
-------+----------+-------------------------------------------
     0 | D:1      | Gunnerkreig the Octopode Wizard began the quest for the
                  | Orb.
     0 | D:1      | Reached XP level 1. HP: 11/11 MP: 4/4
   349 | D:1      | Reached XP level 2. HP: 17/17 MP: 4/6
   814 | D:1      | Reached skill level 2 in Conjurations
  1340 | D:2      | Reached XP level 3. HP: 21/21 MP: 5/7
  1785 | D:2      | Found an iron altar of Okawaru.
  2400 | D:3      | Learned a level 3 spell: Conjure Flame
  2404 | D:3      | Learned a level 3 spell: Mephitic Cloud
  2426 | D:2      | Reached skill level 3 in Conjurations
  2426 | D:2      | Reached XP level 4. HP: 23/27 MP: 2/8
  2486 | D:3      | Reached skill level 1 in Short Blades
  3036 | D:3      | Reached skill level 1 in Fighting
  3036 | D:3      | Reached XP level 5. HP: 8/33 MP: 2/9
  3280 | D:3      | Reached skill level 4 in Conjurations
  4070 | D:3      | Found a hazy altar of Hepliaklqana.
  4413 | D:4      | Found a staircase to the Ecumenical Temple.
  4418 | Temple   | Entered the Ecumenical Temple
  4535 | D:4      | Noticed an ogre
  4556 | D:4      | Reached XP level 6. HP: 21/39 MP: 3/10
  4570 | D:4      | Reached skill level 5 in Conjurations
  4601 | D:4      | HP: 1/39 [poisoned by an adder]
  4601 | D:4      | Slain by a quokka

Levels and vault maps discovered:
D:1:      ebering_hopf_link, layout_basic
D:2:      layout_loops_corners, minmay_tree_intersection, fountainhead,
          okawaru_metal_pillars_1_2
D:3:      layout_loops_ring, nicolae_overflow_crystal_walls, serial_glass,
          glass_columns_c, glass_columns_c, glass_columns_a, glass_columns_c,
          glass_columns_a, glass_columns_b, minmay_diced_spiral
D:4:      minmay_inner_zag, layout_basic, gammafunk_temple_overflow_claw,
          minmay_temple_entry_statues_pillars
Temple:   jpeg_temple_clearing

Skill      XL: |  1  2  3  4  5  6 |
---------------+-------------------+-----
Stealth        | 3 4 |  4.0
Conjurations   | 2 3 4 5 |  5.0
Short Blades   | 1 |  1.8
Fighting       | 1 2 |  2.2
Dodging        | |  2.0
Unarmed Combat | |  0.5
Spellcasting   | |  3.0
Summonings     | |  1.0
Translocations | |  1.0
Air Magic      | |  0.1
Poison Magic   | |  0.3

Action                   |  1- 3 |  4- 6 || total
-------------------------+-------+-------++-------
Melee: Unarmed           |    11 |       ||    11
       Constrict         |    10 |    16 ||    26
       Tentacles         |     3 |    12 ||    15
       Dagger            |    14 |    69 ||    83
 Cast: Magic Dart        |    75 |    72 ||   147
       Mephitic Cloud    |       |     4 ||     4
       Conjure Flame     |       |     2 ||     2
  Use: Scroll            |     8 |     4 ||    12
       Potion            |       |     2 ||     2
  Eat: Chunk             |     4 |     7 ||    11
Armor: Skin              |     3 |     3 ||     6
Dodge: Dodged            |    13 |    39 ||    52

Table legend:
 A = Non-vault XP
 B = Vault XP
 C = Vault XP percentage of total XP
 D = Non-vault monster count
 E = Vault monster count
 F = Vault count percentage of total count
                 A         B        C        D         E       F
            +---------+---------+-------+---------+---------+-------
      Total |     487 |      13 |   2.6 |      83 |       5 |   5.7
            +---------+---------+-------+---------+---------+-------
        D:1 |      29 |       0 |   0.0 |      18 |       0 |   0.0
        D:2 |      51 |       0 |   0.0 |      22 |       0 |   0.0
        D:3 |     211 |      13 |   5.8 |      38 |       5 |  11.6
        D:4 |     196 |       0 |   0.0 |       5 |       0 |   0.0
            +---------+---------+-------+---------+---------+-------
